 Dungeon Crawl Stone Soup version 0.27.0-1-g7a089689b8 (webtiles) character file.

Game seed: 4945455645651682310

60 mainiacjoe the Bolt Thrower (level 4, -1/35 HPs)
             Began as a Barachi Hunter on Aug 12, 2021.
             Slain by a gnoll (7 damage)
             ... on level 2 of the Dungeon.
             The game lasted 00:02:03 (1648 turns).

mainiacjoe the Bolt Thrower (Barachi Hunter)        Turns: 1648, Time: 00:02:05

Health: -1/35      AC: 11    Str: 14    XL:     4   Next: 6%
Magic:  4/4        EV:  6    Int: 11    God:
Gold:   24         SH:  0    Dex: 13    Spells: 3/3 levels left

rFire    . . .     SeeInvis .   n - +0 flail
rCold    . . .     Faith    .   (no shield)
rNeg     . . .     Spirit   .   j - +0 chain mail
rPois    .         Reflect  .   (no helmet)
rElec    .         Harm     .   k - +2 cloak
rCorr    +         Rampage  .   (no gloves)
Will     .....                  (no boots)
Stlth    ..........             m - amulet of the acrobat
HPRegen  0.11/turn              f - ring of resist corrosion
MPRegen  0.09/turn              (no ring)

@: slow
A: amphibious, slowness 1, strong legs 1, +LOS
a: Hop


You were on level 2 of the Dungeon.
You visited 1 branch of the dungeon, and saw 3 of its levels.

You collected 24 gold pieces.

Inventory:

Hand Weapons
 a - a +0 short sword
 b - a +1 hand crossbow
 n - a +0 flail (weapon)
Missiles
 d - 19 bolts
 e - 29 stones (quivered)
Armour
 c - a +0 leather armour
 j - a +0 chain mail (worn)
 k - a +2 cloak (worn)
Jewellery
 f - a ring of resist corrosion (left hand)
 m - an amulet of the acrobat (around neck)
Scrolls
 h - a scroll of acquirement {unknown}
 i - a scroll of identify {unknown}
 l - a scroll of teleportation {unknown}
Potions
 g - a potion of cancellation {unknown}


   Skills:
 + Level 3.2 Fighting
 + Level 4.4 Crossbows
 + Level 3.0 Dodging
 + Level 1.9 Stealth


You had 3 spell levels left.
You didn't know any spells.
Your spell library was empty.

Dungeon Overview and Level Annotations

Branches:
Dungeon (3/15)

Altars:


Innate Abilities, Weirdness & Mutations

You are amphibious.
You cover ground slowly.
You can hop short distances.
You have an extended range of vision and can be seen from far away.


Message History

The kobold hits you with a +0 club.
You closely miss the gnoll.
The gnoll is almost dead.
The kobold barely misses you. The gnoll hits you but does no damage.
The gnoll hits you with a +0 flail.
You are too injured to fight recklessly!
You are too injured to fight recklessly!
You are too injured to fight recklessly!
You are too injured to fight recklessly!
Your chain mail prevents you from hitting the kobold.
The kobold hits you with a +0 club. The gnoll hits you but does no damage.
The gnoll barely misses you. The kobold barely misses you.
You closely miss the kobold. The gnoll closely misses you.
The gnoll hits you with a +0 flail. The kobold hits you but does no damage.
The gnoll barely misses you. The gnoll hits you but does no damage.
You hit the kobold.
You kill the kobold!
The gnoll hits you with a +0 club.
* * * LOW HITPOINT WARNING * * *
The gnoll barely misses you.
Things that are here:
a +0 club; 15 stones The gnoll misses you.
You hit the gnoll but do no damage.
The gnoll is almost dead.
The gnoll hits you but does no damage.
You hit the gnoll but do no damage.
The gnoll is almost dead.
The gnoll hits you but does no damage.
You hit the gnoll.
You kill the gnoll!
The gnoll hits you with a +0 flail.
* * * LOW HITPOINT WARNING * * *
Your Dodging skill increases to level 3!
You have reached level 4!
You feel agile.
You hit the gnoll.
The gnoll is heavily wounded.
The gnoll hits you with a +0 flail!
You die...

#. #. # #.
...$###.##
#...(.(((#####
#.(<>.#
#..####)# ##.
#g# #. ##@# ##
#..# #.## ...
#..# ##. #. ..
.


You could see a gnoll.

Vanquished Creatures
  3 gnolls
  A dart slug (D:1)
  3 endoplasms
  4 goblins (D:1)
  2 hobgoblins
  4 kobolds
  3 ball pythons (D:1)
  5 bats (D:1)
  3 frilled lizards (D:1)
  2 rats (D:1)
30 creatures vanquished.

Notes
Turn   | Place    | Note
-------+----------+-------------------------------------------
     0 | D:1      | mainiacjoe the Barachi Hunter began the quest for the Orb.
     0 | D:1      | Reached XP level 1. HP: 17/17 MP: 1/1
    91 | D:1      | Reached skill level 1 in Stealth
   274 | D:1      | Reached XP level 2. HP: 23/23 MP: 2/2
   710 | D:1      | Reached XP level 3. HP: 29/29 MP: 3/3
   715 | D:1      | Found a faded altar of an unknown god.
  1648 | D:2      | Reached XP level 4. HP: 6/35 MP: 4/4
  1648 | D:2      | Slain by a gnoll

Illustrated notes

Levels and vault maps discovered:
D:1:      dpeg_arrival_water_fire, layout_loops_ring,
          chequers_ecumenical_altar_island
D:2:      layout_rooms, uniq_terence
D:3:      layout_rooms, kennysheep_generic_room_6, uniq_robin

Skill      XL: |  1  2  3 |
---------------+----------+-----
Stealth        | 1 |  1.9
Fighting       | 3 |  3.2
Dodging        | 3 |  3.0
Crossbows      | |  4.4

Action                   |  1- 3 |  4- 6 || total
-------------------------+-------+-------++-------
Melee: Short sword       |    73 |       ||    73
       Flail             |    24 |     1 ||    25
 Fire: Hand crossbow     |     5 |       ||     5
Throw: Stone             |    54 |       ||    54
 Abil: Hop               |     1 |       ||     1
Armor: Leather armour    |     9 |       ||     9
       Chain mail        |    38 |       ||    38
Dodge: Dodged            |    73 |       ||    73
